 Dungeon Crawl Stone Soup version 0.31-a0-175-g9f7f995f2b (webtiles) character file.

Game seed: 12348280747179515853

259 qw the Chopper (level 6, -1/38 HPs)
             Began as a Gargoyle Fighter on June 16, 2023.
             Slain by an ogre
             ... wielding a +0 giant club
              (20 damage)
             ... on level 4 of the Dungeon.
             The game lasted 00:01:49 (3056 turns).

qw the Chopper (Gargoyle Fighter)                   Turns: 3056, Time: 00:01:50

Health: -1/38      AC: 12    Str: 21    XL:     6   Next: 17%
Magic:  6/6        EV:  9    Int:  9    God:
Gold:   123        SH:  4    Dex:  9    Spells: 5/5 levels left

rFire   . . .        Y - +0 war axe
rCold   . . .        c - +0 buckler
rNeg    + . .        b - +0 scale mail
rPois   inf          (no helmet)
rElec   +            (no cloak)
rCorr   .            (no gloves)
SInv    .            i - +0 pair of boots
Will    .....        (no amulet) Stlth
                     (no ring)
HPRegen 0.26/turn    (no ring)
MPRegen 0.10/turn

%: no passive effects
@: no status effects
A: sickness immunity, AC +4, negative energy resistance 1, electricity
resistance, torment resistance 1, petrification resistance
a: no special abilities


You were on level 4 of the Dungeon.
You visited 1 branch of the dungeon, and saw 4 of its levels.

You collected 123 gold pieces.


Innate Abilities, Weirdness & Mutations

You are immune to sickness and miasma.
Your stone body is resilient. (AC +4)
You are immune to poison.
You resist negative energy. (rN+)
You are resistant to electric shocks. (rElec)
You are resistant to unholy torment.
You are immune to petrification.


   Skills:
 - Level 4.3 Fighting
 + Level 5.0 Axes
 - Level 3.2 Armour
 - Level 1.0 Dodging
 - Level 3.2 Shields


You had 5 spell levels left.
You didn't know any spells.
Your spell library was empty.

Inventory:

Hand Weapons
 a - a +0 flail
 Y - a +0 war axe (weapon)
Armour
 b - a +0 scale mail (worn)
 c - a +0 buckler (worn)
 i - a +0 pair of boots (worn)
Jewellery
 j - a ring of protection from cold
Potions
 d - a potion of might
 e - a potion of heal wounds {unknown}
 f - a potion of curing
 g - a potion of brilliance {unknown}
 h - a potion of lignification {unknown}
 m - a potion of attraction {unknown}

Dungeon Overview and Level Annotations

Branches:
Dungeon (4/15)
 Temple: D:4-7

Altars:


Message History

Enter note:
Enter note:
Enter note:
Enter note:
Enter note: You slash the sleepcap!
You destroy the sleepcap!
Your Dodging skill increases to level 1!
You start resting.
HP restored.
Done exploring.
(D) Dungeon
Where to? (* - list waypoints, Enter - D:4, ? - help)
What level of the Dungeon? (default 1, ? - help)
You climb downwards.
There is a stone staircase leading up here.
j - a ring of protection from cold An ogre comes into view.
It is wielding a +0 giant club.
The ogre shouts!
You hit the ogre but do no damage. The ogre closely misses you.
You closely miss the ogre. The ogre hits you with a +0 giant club.
You slash the ogre!
The ogre is heavily wounded.
The ogre hits you with a +0 giant club!!
Ouch! That really hurt!
You hit the ogre but do no damage.
The ogre is heavily wounded.
The ogre barely misses you.
You hit the ogre.
The ogre is heavily wounded.
The ogre closely misses you.
You slash the ogre!
The ogre is almost dead.
You hit the ogre but do no damage.
The ogre is almost dead.
The ogre hits you with a +0 giant club!!
Ouch! That really hurt!
You die... 77

... .7 ...
.77.. ...# ..#
7.# 7O########
#@..##...#
#....#...###
7.<........#
7.........##
7...##.##..###
..P7.....####
77 ...#.##
....#.# ....
...


You could see an ogre.

Vanquished Creatures
  A sleepcap (D:3)
  An orc priest (D:2)
  Natasha (thrice) (D:3)
  A gnoll (D:1)
  4 adders
  A shadow imp (D:3)
  2 worms (D:2)
  2 dart slugs (D:2)
  2 orcs (D:2)
  8 bats
  4 endoplasms
  4 goblins
  5 hobgoblins
  6 jackals (D:2)
  5 kobolds
  6 quokkas
  5 ball pythons
  A frilled lizard (D:3)
  5 rats
66 creatures vanquished.

Notes
Turn   | Place    | Note
-------+----------+-------------------------------------------
     0 | D:1      | qw the Gargoyle Fighter began the quest for the Orb.
     0 | D:1      | Reached XP level 1. HP: 14/14 MP: 1/1
     0 | D:1      | 0 ||| qw: Version: 0.2-a-29-g511e9b1
     0 | D:1      | 0 ||| qw: Game counter: 5665
     0 | D:1      | 0 ||| qw: Always use a shield: true
     0 | D:1      | 0 ||| qw: God list: Okawaru
     0 | D:1      | 0 ||| qw: Allow faded altars: false
     0 | D:1      | 0 ||| qw: Do Orc after D:15 true
     0 | D:1      | 0 ||| qw: Do second Lair branch before Depths: true
     0 | D:1      | 0 ||| qw: Lair rune preference: random
     0 | D:1      | 0 ||| qw: Plans: Normal, Zot:1-4, Slime:5, God:TSO, Crypt,
                  | Tomb, Abyss, Pan, Hells, Win
     0 | D:1      | 0 ||| PLANNING D:1-11
   209 | D:1      | Reached skill level 2 in Axes
   209 | D:1      | Reached XP level 2. HP: 18/19 MP: 2/2
   461 | D:1      | Reached skill level 3 in Axes
   547 | D:1      | Reached XP level 3. HP: 15/23 MP: 3/3
   804 | D:1      | 804 ||| READING scroll labelled DYAPPUZIL.
   805 | D:1      | 805 ||| DRINKING 3 purple potions.
   910 | D:1      | 910 ||| DROPPING 2 potions of berserk rage.
   930 | D:2      | 930 ||| Stepping ~*~*~tactically~*~*~ (hiding).
   931 | D:2      | 931 ||| Stepping ~*~*~tactically~*~*~ (hiding).
   942 | D:2      | Reached XP level 4. HP: 23/28 MP: 4/4
   964 | D:2      | 964 ||| DROPPING +0 whip.
   994 | D:2      | 994 ||| Stepping ~*~*~tactically~*~*~ (stealth).
  1008 | D:2      | Reached skill level 4 in Axes
  1091 | D:2      | 1091 ||| Stepping ~*~*~tactically~*~*~ (hiding).
  1275 | D:2      | 1275 ||| Stepping ~*~*~tactically~*~*~ (stealth).
  1361 | D:2      | 1361 ||| READING scroll labelled EPNIWK SAIDGHOMEM.
  1452 | D:2      | Found a faded altar of an unknown god.
  1523 | D:2      | 1523 ||| READING scroll labelled ZAPRUY JUAK.
  1579 | D:2      | Reached XP level 5. HP: 32/32 MP: 5/5
  2134 | D:3      | Noticed Natasha
  2143 | D:3      | Killed Natasha
  2144 | D:3      | Reached skill level 5 in Axes
  2283 | D:3      | 2283 ||| Stepping ~*~*~tactically~*~*~ (stealth).
  2366 | D:3      | Noticed Natasha
  2367 | D:3      | 2367 ||| Stepping ~*~*~tactically~*~*~ (stealth).
  2378 | D:3      | Killed Natasha
  2694 | D:3      | Noticed Natasha
  2709 | D:3      | Killed Natasha
  2710 | D:3      | Reached XP level 6. HP: 29/38 MP: 6/6
  2853 | D:3      | 2853 ||| UPGRADING to +0 pair of boots.
  2858 | D:3      | 2858 ||| READING scroll labelled FOATINWEHE.
  2859 | D:3      | 2859 ||| READING scroll labelled PAUPOU QOSI.
  2860 | D:3      | 2860 ||| READING scroll labelled HOIKKE CEYTS.
  2861 | D:3      | 2861 ||| READING scroll labelled QEWYOBR TUQAAM.
  2962 | D:3      | 2962 ||| READING scroll labelled MAN XETETOE.
  2963 | D:3      | 2963 ||| READING scroll labelled LUXUET GETH.
  2964 | D:3      | 2964 ||| DRINKING 2 cyan potions.
  2995 | D:4      | 2995 ||| STAIRDANCE
  2998 | D:3      | Reached skill level 1 in Dodging
  3056 | D:4      | Slain by an ogre

Levels and vault maps discovered:
D:1:      lightli_arrival_isolated_outpost, layout_basic
D:2:      layout_rooms, basic_ecumenical_altar, minmay_puff
D:3:      layout_loops_corners, uniq_natasha
D:4:      wad_woods_pond, layout_cave_pools,
          minmay_temple_entry_statues_fountains

Skill      XL: |  1  2  3  4  5  6 |
---------------+-------------------+-----
Axes           | 2 3 4 5 |  5.0
Fighting       | 4 |  4.3
Dodging        | 1 |  1.0
Armour         | |  3.2
Shields        | |  3.2

Action                     |  1- 3 |  4- 6 || total
---------------------------+-------+-------++-------
  Melee: War axe           |    64 |   151 ||   215
    Use: Scroll            |     1 |     8 ||     9
         Potion            |     1 |     1 ||     2
 Armour: Scale mail        |    22 |    77 ||    99
  Dodge: Dodged            |    22 |    83 ||   105
  Block: Buckler           |    13 |    24 ||    37

Table legend:
 A = Non-vault XP
 B = Vault XP
 C = Vault XP percentage of total XP
 D = Non-vault monster count
 E = Vault monster count
 F = Vault count percentage of total count
                 A         B        C        D         E       F
            +---------+---------+-------+---------+---------+-------
      Total |     311 |      59 |  15.9 |      60 |       6 |   9.1
            +---------+---------+-------+---------+---------+-------
        D:1 |      40 |       0 |   0.0 |      17 |       0 |   0.0
        D:2 |     117 |      24 |  17.0 |      28 |       5 |  15.2
        D:3 |     154 |      35 |  18.5 |      15 |       1 |   6.2
            +---------+---------+-------+---------+---------+-------
